 Dungeon Crawl Stone Soup version 0.27-a0-686-gaed091b46b (webtiles) character file.

Game seed: 4088511273704357495

35 DarkShadow the Skirmisher (level 3, -10/36 HPs)
             Began as a Troll Fighter on Mar 21, 2021.
             Mangled by Sigmund
             ... wielding a +0 scythe
              (15 damage)
             ... on level 2 of the Dungeon.
             The game lasted 00:03:06 (1042 turns).

DarkShadow the Skirmisher (Troll Fighter)           Turns: 1042, Time: 00:03:06

Health: -10/36     AC:  4    Str: 25    XL:     3   Next: 16%
Magic:  2/2        EV:  8    Int:  4    God:
Gold:   62         SH:  8    Dex:  9    Spells: 2/2 levels left

rFire    . . .     SeeInvis .     - Unarmed
rCold    . . .     Faith    .   b - +0 kite shield
rNeg     . . .     Spirit   .   a - +0 robe
rPois    .         Reflect  .   (helmet restricted)
rElec    .         Harm     .   (no cloak)
rCorr    .         Rampage  .   (gloves unavailable)
Will     .....                  (boots unavailable)
Stlth    +.........             (no amulet)
HPRegen  1.12/turn              (no ring)
MPRegen  0.08/turn              (no ring)

@: mighty
A: large, unfitting armour, claws 3, regeneration 1, shaggy fur 1, tough skin 1
a: no special abilities


You were on level 2 of the Dungeon.
You visited 1 branch of the dungeon, and saw 2 of its levels.

You collected 62 gold pieces.

Inventory:

Armour
 a - a +0 robe (worn)
 b - a +0 kite shield (worn)
Scrolls
 d - 2 scrolls of identify {unknown}
 f - a scroll of fear {unknown}
 g - a scroll of summoning {unknown}
 h - a scroll of noise {unknown}
 i - a scroll of magic mapping {unknown}
 j - a scroll of teleportation {unknown}
Potions
 e - 5 potions of curing {unknown}


   Skills:
 + Level 2.9 Fighting
 + Level 2.7 Dodging
 + Level 2.7 Shields
 + Level 2.3 Unarmed Combat


You had 2 spell levels left.
You didn't know any spells.
Your spell library was empty.

Dungeon Overview and Level Annotations

Branches:
Dungeon (2/15)

Altars:
Elyvilon

Shops:
D:1 [

Annotations:
D:2 Sigmund


Innate Abilities, Weirdness & Mutations

You are too large for most types of armour.
You have claws for hands.
Your natural rate of healing is unusually fast.
You are covered in fur. (AC +1)
You have tough skin. (AC +1)


Message History

You scratch the goblin.
You kill the goblin!
Things that are here:
a +0 dagger; a goblin corpse
Found a mace.
Why would you want to do that? Why would you want to do that?
Why would you want to do that? Why would you want to do that?
Why would you want to do that?
You see here a +0 mace.
Found a white marble altar of Elyvilon.
Why would you want to do that?
Found 3 gold pieces.
Found 10 gold pieces and a rapier.
A frilled lizard comes into view.
The frilled lizard hisses angrily.
You hear a shout!
Sigmund the Dreaded comes into view.
He is wielding a +0 scythe.
Sigmund gestures at himself while chanting.
Sigmund flickers and vanishes!
Deactivating autopickup; reactivate with Ctrl-A.
You closely miss the frilled lizard. You block the frilled lizard's attack.
You closely miss the frilled lizard. You block the frilled lizard's attack.
You barely miss the frilled lizard. The frilled lizard bites you.
You miss the frilled lizard. The frilled lizard bites you. Something hits you!
You scratch the frilled lizard.
You kill the frilled lizard!
Something completely misses you. Something hits you.
You see here a frilled lizard corpse.
You closely miss something. Something hits you. x2
You barely miss something. Something hits you!
* * * LOW HITPOINT WARNING * * *
You scratch something. Something hits you.
* * * LOW HITPOINT WARNING * * *
You feel very mighty all of a sudden. Something hits you.
* * * LOW HITPOINT WARNING * * *
You closely miss something. Something hits you!
You die...

#.)≈≈♣≈≈..#
#..≈≈≈≈≈..#
♣...≈≈≈...♣
♣♣.......♣♣
♣♣.....♣♣
♣♣...♣♣
♣♣.....♣♣
♣♣.......♣♣
♣.@.≈≈≈...♣
♣♣.{≈≈≈≈≈..♣♣
♣...≈≈_≈≈...♣
♣♣..≈≈≈≈≈..♣♣
♣...≈≈≈...♣
♣♣.......♣♣
♣♣.....♣♣
♣♣...♣♣
♣.....♣


There were no monsters in sight!

Vanquished Creatures
  An ooze (D:1)
  A dart slug (D:2)
  2 ball pythons (D:1)
  5 giant cockroaches
  2 goblins (D:2)
  4 hobgoblins
  4 jackals (D:2)
  A bat (D:1)
  4 frilled lizards
  2 kobolds
26 creatures vanquished.

Notes
Turn   | Place    | Note
-------+----------+-------------------------------------------
     0 | D:1      | DarkShadow the Troll Fighter began the quest for the Orb.
     0 | D:1      | Reached XP level 1. HP: 22/22 MP: 0/0
   334 | D:1      | Reached XP level 2. HP: 29/29 MP: 1/1
   615 | D:1      | Found Jutoy's Antique Armour Boutique.
   948 | D:2      | Reached XP level 3. HP: 32/36 MP: 2/2
  1000 | D:2      | Found a white marble altar of Elyvilon.
  1019 | D:2      | Noticed Sigmund
  1042 | D:2      | Mangled by Sigmund

Illustrated notes

Levels and vault maps discovered:
D:1:      dpeg_arrival_rooms_c, layout_loops_ring, serial_shops,
          nicolae_shop_statue_plus, minmay_close_crescents
D:2:      layout_rooms, elyvilon_altar_3, uniq_terence, uniq_sigmund

Action                   || total
-------------------------++-------
Melee: Unarmed           ||    81
  Use: Potion            ||     1
Armor: Robe              ||    23
Dodge: Dodged            ||    31
Block: Kite shield       ||    25

Table legend: (Time is in decaauts)
 A = Elapsed time spent in this place.
 B = Non-inter-level travel time spent in this place.
 C = Inter-level travel time spent in this place.
 D = Time resting spent in this place.
 E = Time spent auto-exploring this place.
 F = Levels seen in this place.
 G = Mean time per level.
                   A        B        C        D        E       F      G
               +--------+--------+--------+--------+--------+-----+--------+
         Total |   1055 |   1055 |      0 |    113 |    494 |   2 |  527.5 |
       Dungeon |   1055 |   1055 |      0 |    113 |    494 |   2 |  527.5 |
               +--------+--------+--------+--------+--------+-----+--------+

Top non-repeatable levels by time:
     D:1: 776 daAuts
     D:2: 279 daAuts
